 Dungeon Crawl Stone Soup version 0.25-a0-306-g3faca94 (webtiles) character file.

Game seed: 15138254031684526242, levelgen mode: deterministic

49 Birdy the Skirmisher (level 3, 0/60 HPs)
             Began as an Ogre Fighter on Dec 21, 2019.
             Slain by a gnoll
             ... wielding a +0 spear
              (3 damage)
             ... on level 2 of the Dungeon.
             The game lasted 00:01:17 (1077 turns).

Birdy the Skirmisher (Ogre Fighter)                 Turns: 1077, Time: 00:01:18

Health: 0/60       AC: 21    Str: 25    XL:     3   Next: 75%
Magic:  3/3        EV:  1    Int: 10    God:
Gold:   70         SH:  9    Dex:  8    Spells: 2/2 levels left

rFire    . . .     SeeInvis .   a - +0 flail
rCold    . . .     Gourm    .   c - +0 shield
rNeg     + + +     Faith    .   (armour currently unavailable)
rPois    +         Spirit   .   (helmet currently unavailable)
rElec    .         Reflect  .   (cloak currently unavailable)
rCorr    .         Harm     .   (gloves unavailable)
MR       .....     NoTele   +   (boots unavailable)
Stlth    +.........             (no amulet)
HPRegen  0.20/turn              (no ring)
MPRegen  0.08/turn              (no ring)

@: mighty, tree-form
A: large, unfitting armour
a: no special abilities


You were on level 2 of the Dungeon.
You were hungry.
You were a tree.
You visited 1 branch of the dungeon, and saw 2 of its levels.

You collected 70 gold pieces.

Inventory:

Hand Weapons
 a - a +0 flail (weapon)
Armour
 b - a +0 robe (melded)
 c - a +0 shield (worn)
Scrolls
 e - 3 scrolls of identify {unknown}
 g - 2 scrolls of enchant weapon {unknown}
 j - 2 scrolls of teleportation {unknown}
 k - a scroll of remove curse {unknown}
Potions
 i - a potion of lignification
Comestibles
 f - 4 rations


   Skills:
 + Level 4.6 Fighting
 + Level 2.3 Maces & Flails
 + Level 3.1 Dodging
 + Level 3.1 Shields


You had 2 spell levels left.
You didn't know any spells.
Your spell library was empty.

Dungeon Overview and Level Annotations

Branches:
Dungeon (2/15)

Altars:


Innate Abilities, Weirdness & Mutations

You are too large for most types of armour.
((You have tough skin. (AC +1)))


Message History

The rat bites you but does no damage.
You thump the rat!
You kill the rat!
The gnoll hits you but does no damage. x2; The gnoll completely misses you.
You aren't carrying any items that you can evoke.
The gnoll hits you from afar with a +0 halberd.
* * * LOW HITPOINT WARNING * * *
You block the gnoll's attack. You block the gnoll's attack.
The gnoll hits you but does no damage.
The gnoll hits you but does no damage. x2
You block the gnoll's attack. You block the gnoll's attack.
The gnoll hits you but does no damage.
The gnoll hits you but does no damage. x2
The gnoll hits you but does no damage. You block the gnoll's attack.
You block the gnoll's attack. The gnoll hits you but does no damage.
You block the gnoll's attack. The gnoll hits you but does no damage.
You block the gnoll's attack. You block the gnoll's attack.
The gnoll hits you from afar with a +0 spear.
You die...

#.##############
#.#.....#.......
#.#.###.#.#.....
######.#...#.#.#.....
..........#.#.#.#....#
#######.......#.#..#.#
###########.#.###.#.....
+...................>#.#
#######♣###.#...........
#)# #.#####.##.#..


.gg ..# #......... .#.##### #.#..##### #...# #.#.. # #.# # #. #.# #. #.# # You
could see 2 gnolls.

Vanquished Creatures
  2 gnolls (D:2)
  2 worms (D:2)
  A leopard gecko (D:2)
  A giant cockroach (D:1)
  A goblin (D:2)
  3 hobgoblins (D:1)
  A jackal (D:2)
  4 kobolds (D:1)
  4 bats
  A frilled lizard (D:1)
  3 rats
23 creatures vanquished.

Vanquished Creatures (others)
  4 toadstools (D:1)
4 creatures vanquished.

Grand Total: 27 creatures vanquished

Notes
Turn   | Place    | Note
-------+----------+-------------------------------------------
     0 | D:1      | Birdy the Ogre Fighter began the quest for the Orb.
     0 | D:1      | Reached XP level 1. HP: 24/24 MP: 1/1
   345 | D:1      | Reached XP level 2. HP: 30/32 MP: 2/2
   864 | D:2      | Reached XP level 3. HP: 28/40 MP: 3/3
  1067 | D:2      | HP: 1/60 [gnoll/+0 halberd (4)]
  1077 | D:2      | Slain by a gnoll

Levels and vault maps discovered:
D:1:      ldierk_walled_garden_2, layout_loops_cross
D:2:      layout_basic, nicolae_gozag_seed_capital, bloody_trog, first_ration,
          uniq_sigmund, uniq_natasha

Skill      XL: |  1  2 |
---------------+-------+-----
Maces & Flails | 2 |  2.3
Dodging        | 3 |  3.1
Shields        | 3 |  3.1
Fighting       | |  4.6

Action                   || total
-------------------------++-------
Melee: Flail             ||    68
  Use: Potion            ||     4
Armor: Robe              ||    23
       Skin              ||    15
Dodge: Dodged            ||    37
Block: Shield            ||    44

Table legend:
 A = Non-vault XP
 B = Vault XP
 C = Vault XP percentage of total XP
 D = Non-vault monster count
 E = Vault monster count
 F = Vault count percentage of total count
                 A         B        C        D         E       F
            +---------+---------+-------+---------+---------+-------
      Total |      70 |       0 |   0.0 |      23 |       0 |   0.0
            +---------+---------+-------+---------+---------+-------
        D:1 |      20 |       0 |   0.0 |      13 |       0 |   0.0
        D:2 |      50 |       0 |   0.0 |      10 |       0 |   0.0
            +---------+---------+-------+---------+---------+-------
